 Dungeon Sprint DCSS version 0.17-a0-1939-ga475588 (webtiles) character file.

2414 pipel the Fighter (level 9, -8/71 HPs)
             Began as an Octopode Air Elementalist on Sept 29, 2015.
             Was a High Priest of Vehumet.
             Killed themself with a badly aimed fireball (12 damage)
             ... in the Dungeon (Sprint IX: "|||||||||||||||||||||||||||||").
             The game lasted 00:06:34 (566 turns).

pipel the Fighter (Octopode Air Elementalist)        Turns: 566, Time: 00:06:35

Health: -8/71      AC:  6    Str: 10    XL:     9   Next: 47%
Magic:  4/23       EV: 15    Int: 19    God:    Vehumet [*****.]
Gold:   17         SH:  0    Dex: 17    Spells: 4 memorised, 18 levels left

rFire  . . .     SeeInvis .     a - +2 morningstar (protect)
rCold  . . .     Clarity  .     (no shield)
rNeg   . . .     SustAt   .     (helmet restricted)
rPois  .         Gourm    .     (no amulet)
rElec  .         Spirit   .     o - +3 ring of strength
rCorr  .         Warding  .     p - +3 ring of dexterity
rMut   .         NoTele   +     q - ring of invisibility
MR     .....                    (no ring)
Stlth  +++.......               (no ring)
                                (no ring)
                                (no ring)
                                (no ring)

@: very slightly contaminated, repel missiles, not resistant to hostile
enchantments, fairly stealthy
A: almost no armour, amphibious, 8 rings, constrict 8, camouflage 1, gelatinous
body 1
a: Renounce Religion, Evoke Invisibility


You were in the Dungeon.
You worshipped Vehumet.
Vehumet was extremely pleased with you.
You were not hungry.

You visited 1 branch You collected 17 gold pieces.

Inventory:

Hand weapons
 a - a +2 morningstar of protection (weapon)
Magical staves
 b - an uncursed staff of energy
Jewellery
 o - a +3 ring of strength (left tentacle)
 p - a +3 ring of dexterity (right tentacle)
 q - a ring of invisibility (on tentacle)
Magical devices
 l - a wand of cold (5)
 r - a wand of random effects (21)
Scrolls
 h - 4 scrolls of blinking
 j - 3 scrolls of remove curse
 k - 2 scrolls of amnesia
 s - a scroll of identify
 t - a scroll of recharging
Potions
 c - 6 potions of curing
 d - a potion of might
 e - a potion of haste
 f - 3 potions of magic
 g - a potion of invisibility
 i - 3 potions of heal wounds
 m - a potion of resistance
Books
 n - a book of Air

   Spells                             Type                      Level
   a - Shock                          Conjuration/Air              1
   b - Swiftness                      Charms/Air                   2
   c - Repel Missiles                 Charms/Air                   2
   d - Static Discharge               Conjuration/Air              3
   e - Lightning Bolt                 Conjuration/Air              5


   Skills:
 + Level 10.8 Fighting
 + Level 5.4 Dodging
 - Level 2.6 Stealth
 + Level 10.6 Spellcasting
 + Level 8.0 Conjurations
 + Level 8.4 Air Magic
 - Level 8.2 Evocations


You had 18 spell levels left.
You knew the following spells:

 Your Spells              Type           Power        Failure   Level  Hunger
a - Shock                 Conj/Air       ####         1%          1    None
b - Lightning Bolt        Conj/Air       #####.....   2%          5    ####...
c - Repel Missiles        Chrm/Air       ####..       1%          2    None
d - Static Discharge      Conj/Air       #####...     1%          3    None


Dungeon Overview and Level Annotations

Branches:
Dungeon (1/1)

Altars:
Cheibriados
Dithmenos
Elyvilon
Fedhas
Gozag
Kikubaaqudgha
Makhleb
Nemelex Xobeh
Okawaru
Qazlal
Ru
Sif Muna
Trog
Vehumet
Xom
Yredelemnul
Zin
The Shining One
Beogh
Jiyva
Lugonu


Innate Abilities, Weirdness & Mutations

You cannot wear most types of armour.
You are amphibious.
You can wear up to eight rings at the same time.
You can use your tentacles to constrict eight enemies at once.
Your skin changes colour to match your surroundings (Stealth).
Your rubbery body absorbs attacks (AC +1).


Message History

* * * LOW HITPOINT WARNING * * *
The hippogriff closely misses you. The hippogriff completely misses you.
The hippogriff bites you.
* * * LOW HITPOINT WARNING * * *
The hippogriff pecks you.
* * * LOW HITPOINT WARNING * * *
The hippogriff claws you.
* * * LOW HITPOINT WARNING * * *
You take 17 damage, and have 4/71 hp.
MASSIVE DAMAGE!!
Evoke which item? (* to show all) (? for menu, Esc to quit)
Zapping:
r - a wand of random effects (21)
Press: ? - help, Shift-Dir - straight line, f/p - hippogriff
Aim: a hippogriff (almost dead)
The fireball explodes!
The fireball engulfs the hippogriff.
You kill the hippogriff!
Vehumet accepts your kill.
You feel your power returning.
Your Conjurations skill increases to level 8!
The fireball engulfs you!
You die...

▓▓▓▓▓▓▓▓▓▓▓▓▓▓▓▓▓▓▓▓▓▓▓▓▓▓▓▓▓▓▓▓▓
.'.....')....'___________________
▓▓▓▓▓▓▓▓▓▓▓▓▓▓▓▓▓▓▓▓▓▓▓▓▓▓▓▓▓▓▓▓▓
.................................
▓▓▓▓▓▓▓▓▓▓▓▓▓▓▓▓▓▓▓▓▓▓▓▓▓▓▓▓▓▓▓▓▓
...'............@†††....
▓▓▓▓▓▓▓▓▓▓▓▓▓▓▓▓▓▓▓▓▓▓▓▓


There were no monsters in sight!

Vanquished Creatures
  2 spiny frogs (D)
  A slime creature (D)
  2 yaks (D)
  2 hippogriffs (D)
  A basilisk (D)
  A porcupine (D)
  An ice beast (D)
  2 black bears (D)
  A sky beast (D)
  2 giant frogs (D)
  2 crocodiles (D)
  A scorpion (D)
  A wight (D)
  2 crimson imps (D)
  A hound (D)
  An iguana (D)
  A worker ant (D)
  A gnoll (D)
  A river rat (D)
  A giant gecko (D)
  3 bats (D)
  A rat (D)
31 creatures vanquished.

Notes
Turn   | Place    | Note
--------------------------------------------------------------
     0 | D        | pipel the Octopode Air Elementalist began the quest for the Orb.
     0 | D        | Reached XP level 1. HP: 11/11 MP: 3/3
    56 | D        | Noticed a crimson imp
    56 | D        | Noticed a sky beast
    56 | D        | Noticed a crimson imp
    56 | D        | Noticed a worker ant
    60 | D        | Killed a worker ant
    60 | D        | Reached skill level 4 in Spellcasting
    60 | D        | Reached XP level 2. HP: 6/21 MP: 1/7
    60 | D        | Reached XP level 3. HP: 7/26 MP: 1/9
    64 | D        | Killed a crimson imp
    64 | D        | Reached skill level 5 in Spellcasting
    64 | D        | Reached XP level 4. HP: 34/34 MP: 1/11
    69 | D        | Killed a sky beast
    69 | D        | Reached skill level 6 in Fighting
    69 | D        | Reached skill level 7 in Spellcasting
    69 | D        | Reached XP level 5. HP: 42/42 MP: 2/14
    92 | D        | Killed a crimson imp
    97 | D        | Found a glowing silver altar of Zin.
    97 | D        | Found a glowing golden altar of the Shining One.
    97 | D        | Found an ancient bone altar of Kikubaaqudgha.
    97 | D        | Found a basalt altar of Yredelemnul.
    97 | D        | Found a shimmering altar of Xom.
    97 | D        | Found a radiant altar of Vehumet.
    98 | D        | Found an iron altar of Okawaru.
    99 | D        | Found a burning altar of Makhleb.
   100 | D        | Found a deep blue altar of Sif Muna.
   101 | D        | Found a bloodstained altar of Trog.
   102 | D        | Found a sparkling altar of Nemelex Xobeh.
   103 | D        | Found a white marble altar of Elyvilon.
   104 | D        | Found a roughly hewn altar of Beogh.
   105 | D        | Became a worshipper of Vehumet
   106 | D        | Found a viscous altar of Jiyva.
   107 | D        | Found a corrupted altar of Lugonu.
   108 | D        | Found a blossoming altar of Fedhas.
   109 | D        | Found a snail-covered altar of Cheibriados.
   110 | D        | Found a shadowy altar of Dithmenos.
   111 | D        | Found a stormy altar of Qazlal.
   112 | D        | Found an opulent altar of Gozag.
   113 | D        | Found a sacrificial altar of Ru.
   148 | D        | Learned a level 5 spell: Lightning Bolt
   151 | D        | Learned a level 2 spell: Repel Missiles
   291 | D        | Noticed a yak
   291 | D        | Noticed a giant frog
   291 | D        | Noticed a black bear
   291 | D        | Noticed a crocodile
   291 | D        | Noticed an ice beast
   291 | D        | Noticed a scorpion
   297 | D        | Killed a giant frog
   297 | D        | Reached skill level 8 in Spellcasting
   297 | D        | Reached XP level 6. HP: 14/50 MP: 11/17
   297 | D        | Killed a crocodile
   299 | D        | Killed a black bear
   299 | D        | Acquired Vehumet's first power
   299 | D        | Offered knowledge of Magic Dart by Vehumet.
   299 | D        | Reached skill level 9 in Spellcasting
   299 | D        | Reached skill level 5 in Air Magic
   299 | D        | Killed a scorpion
   299 | D        | Reached XP level 7. HP: 27/56 MP: 12/19
   309 | D        | Killed an ice beast
   309 | D        | Reached skill level 5 in Conjurations
   312 | D        | Killed a yak
   391 | D        | Learned a level 3 spell: Static Discharge
   391 | D        | Noticed a black bear
   391 | D        | Noticed a slime creature
   391 | D        | Noticed a wight
   391 | D        | Noticed a yak
   391 | D        | Noticed a hound
   391 | D        | Noticed a basilisk
   396 | D        | Killed a yak
   396 | D        | Reached XP level 8. HP: 43/64 MP: 7/21
   396 | D        | Killed a hound
   399 | D        | Killed a black bear
   399 | D        | Killed a wight
   399 | D        | Acquired Vehumet's second power
   399 | D        | Reached skill level 10 in Fighting
   399 | D        | Reached skill level 10 in Spellcasting
   411 | D        | Killed a slime creature
   412 | D        | Killed a basilisk
   543 | D        | Noticed a porcupine
   543 | D        | Noticed an iguana
   543 | D        | Noticed a hippogriff
   543 | D        | Noticed a spiny frog
   543 | D        | Noticed a spiny frog
   543 | D        | Noticed a crocodile
   545 | D        | Killed an iguana
   545 | D        | Offered knowledge of Sandblast by Vehumet.
   545 | D        | Reached skill level 1 in Evocations
   545 | D        | Killed a hippogriff
   547 | D        | Noticed a giant frog
   547 | D        | Killed a porcupine
   547 | D        | Acquired Vehumet's third power
   547 | D        | Killed a spiny frog
   547 | D        | Reached XP level 9. HP: 41/71 MP: 4/23
   548 | D        | Killed a spiny frog
   548 | D        | Reached skill level 5 in Dodging
   548 | D        | Killed a crocodile
   550 | D        | Noticed a hippogriff
   554 | D        | Killed a giant frog
   566 | D        | Killed a hippogriff
   566 | D        | Killed themself with a badly aimed fireball

Vault maps used:
D:        linesprint

Action                   |  1- 3 |  4- 6 |  7- 9 || total
-------------------------+-------+-------+-------++-------
Melee: Unarmed           |     3 |    23 |       ||    26
       Morningstar       |       |       |    18 ||    18
 Cast: Shock             |     6 |     6 |    11 ||    23
       Repel Missiles    |       |     1 |       ||     1
       Static Discharge  |       |       |     8 ||     8
       Lightning Bolt    |       |       |     5 ||     5
 Abil: Evoke Invisibilit |       |       |     1 ||     1
Evoke: Wand              |       |     1 |     1 ||     2
       Staff of energy   |       |       |     2 ||     2
  Use: Potion            |     2 |     1 |     3 ||     6
       Scroll            |       |       |     1 ||     1
 Stab: Invisible         |       |       |     2 ||     2
  Eat: Bread ration      |       |       |     1 ||     1
